 Dungeon Crawl Stone Soup version 0.30-a0-626-gd6a5dd7a1f (webtiles) character file.

Game seed: 10827088287706613389

884 bande the Chopper (level 8, -1/48 HPs)
             Began as a Gargoyle Fighter on Jan 12, 2023.
             Was an Initiate of Okawaru.
             Slain by a gnoll sergeant
             ... wielding a +0 spear of freezing
              (4 damage)
             ... on level 5 of the Dungeon.
             The game lasted 00:07:38 (4576 turns).

bande the Chopper (Gargoyle Fighter)                Turns: 4576, Time: 00:07:39

Health: -1/48      AC: 16    Str: 20    XL:     8   Next: 5%
Magic:  8/8        EV:  7    Int:  9    God:    Okawaru [......]
Gold:   271        SH:  4    Dex: 11    Spells: 7/7 levels left

rFire   . . .      SeeInvis .    a - +1 war axe (flame)
rCold   . . .      Faith    .    c - +0 buckler
rNeg    + . .      Spirit   .    j - +0 chain mail
rPois   ∞          Reflect  .    (no helmet)
rElec   +          Harm     .    n - +0 cloak
rCorr   .          Rampage  .    (no gloves)
Will    .....                    (no boots) Stlth
                                 (no amulet)
HPRegen 0.28/turn                (no ring)
MPRegen 0.11/turn                (no ring)

@: no status effects
A: sickness immunity, AC +5, negative energy resistance 1, electricity
resistance, torment resistance 1, petrification resistance
a: Renounce Religion


You were on level 5 of the Dungeon.
You worshipped Okawaru.
Okawaru was noncommittal.
You visited 2 branches of the dungeon, and saw 6 of its levels.

You collected 271 gold pieces.

Inventory:

Hand Weapons
 a - a +1 war axe of flaming (weapon)
Armour
 c - a +0 buckler (worn)
 j - a +0 chain mail (worn)
 n - a +0 cloak (worn)
Wands
 g - a wand of flame (12)
 l - a wand of mindburst (3)
Scrolls
 h - a scroll of summoning
Potions
 b - a potion of magic
 d - 4 potions of might
 e - 2 potions of haste
 k - 2 potions of ambrosia {unknown}
 o - a potion of cancellation {unknown}
 p - a potion of berserk rage {unknown}
 q - 2 potions of brilliance
 r - a potion of degeneration {unknown}


   Skills:
 + Level 4.8 Fighting
 + Level 5.9 Axes
 + Level 4.8 Armour
 + Level 4.2 Shields
 * Level 1.1 Invocations
 * Level 2.5 Evocations


You had 7 spell levels left.
You didn't know any spells.
Your spell library contained the following spells:

 Spells                   Type           Power      Damage    Failure   Level
 Apportation              Tloc           0%         N/A       99%         1
 Necrotise                Necr           0%         1d4       99%         1
 Ensorcelled Hibernation  Hex/Ice        0%         N/A       100%        2
 Portal Projectile        Hex/Tloc       0%         N/A       100%        3
 Spider Form              Tmut/Pois      0%         N/A       100%        3
 Anguish                  Hex/Necr       0%         N/A       100%        4
 Leda's Liquefaction      Hex/Erth       0%         N/A       100%        4
 Conjure Ball Lightning   Conj/Air       0%         3x3d6     100%        6
 Discord                  Hex            0%         N/A       100%        8
 Disjunction              Tloc           0%         N/A       100%        8
 Summon Small Mammal      Summ           Unusable   N/A       N/A         1
 Call Canine Familiar     Summ           Unusable   N/A       N/A         3

Dungeon Overview and Level Annotations

Branches:
Dungeon (5/15)             Temple (1/1) D:5

Altars:
Ashenzari
Cheibriados
Elyvilon
Fedhas
Gozag
Kikubaaqudgha
Nemelex Xobeh
Okawaru
Qazlal
Ru
Sif Muna
Trog
Uskayaw
Wu Jian
Xom
Yredelemnul
The Shining One


Innate Abilities, Weirdness & Mutations

You are immune to sickness and miasma.
Your stone body is resilient. (AC +5)
You are immune to poison.
You resist negative energy. (rN+)
You are resistant to electric shocks. (rElec)
You are resistant to unholy torment.
You are immune to petrification.


Message History

* * * LOW HITPOINT WARNING * * *
You block the gnoll sergeant's attack. The gnoll barely misses you.
The gnoll sergeant blocks your attack.
The gnoll sergeant is moderately wounded.
You hit the gnoll. You burn the gnoll.
You kill the gnoll!
Okawaru accepts your kill. You block the gnoll sergeant's attack.
You hit the gnoll sergeant. You burn the gnoll sergeant.
The gnoll sergeant is moderately wounded.
The gnoll sergeant barely misses you. The gnoll sergeant blocks your attack.
The gnoll sergeant is moderately wounded.
The gnoll sergeant hits you but does no damage.
The gnoll sergeant blocks your attack.
The gnoll sergeant is moderately wounded.
The gnoll sergeant hits you but does no damage.
The gnoll sergeant hits you with a +0 spear of freezing!
* * * LOW HITPOINT WARNING * * *
The gnoll sergeant freezes you.
* * * LOW HITPOINT WARNING * * *
You hit the gnoll sergeant. You burn the gnoll sergeant.
The gnoll sergeant is heavily wounded.
The gnoll sergeant hits you with a +0 spear of freezing.
* * * LOW HITPOINT WARNING * * *
The gnoll sergeant freezes you.
* * * LOW HITPOINT WARNING * * *
The gnoll sergeant blocks your attack.
The gnoll sergeant is heavily wounded.
The gnoll sergeant barely misses you. The gnoll sergeant blocks your attack.
The gnoll sergeant is heavily wounded.
The gnoll sergeant closely misses you.
You hit the gnoll sergeant but do no damage.
The gnoll sergeant is heavily wounded.
The gnoll sergeant hits you but does no damage.
You barely miss the gnoll sergeant.
The gnoll sergeant is heavily wounded.
The gnoll sergeant hits you with a +0 spear of freezing.
You die...

...... ... ...
#.....( #.# #.##.#
####### ..# #.#.# #
#### #.<# .# ...##
####.## #?#
##.##.##.....## #..
#.##.....<.#.###.#
#.#####.####..#)##.#
#.# #.....##..)@g..#
##.###.....##.#######
...........##.#
#..##......##.#
#..##......##.#
#.###.#######.. ..
#.# ### .. ..# .. ...


You could see a gnoll sergeant.

Vanquished Creatures
  A black bear (D:5)
  An ogre (D:4)
  A phantom (D:4)
  2 necrophages
  A scorpion (D:5)
  2 jellies
  Crazy Yiuf (D:3)
  An orc priest (D:4)
  An iguana (D:4)
  Terence (D:2)
  3 orc wizards (D:5)
  3 gnolls (D:5)
  4 adders
  An ufetubus (D:5)
  3 worms
  5 dart slugs
  17 orcs
  6 endoplasms
  6 giant cockroaches
  6 goblins
  6 hobgoblins
  9 jackals
  5 quokkas
  10 ball pythons
  4 bats
  2 frilled lizards
  9 kobolds
  4 rats
115 creatures vanquished.

Notes
Turn   | Place    | Note
-------+----------+-------------------------------------------
     0 | D:1      | bande the Gargoyle Fighter began the quest for the Orb.
     0 | D:1      | Reached XP level 1. HP: 14/14 MP: 1/1
    58 | D:1      | Reached XP level 2. HP: 4/19 MP: 2/2
    60 | D:1      | Reached skill level 2 in Axes
   820 | D:2      | Reached XP level 3. HP: 12/23 MP: 3/3
  1129 | D:2      | Found a snail-covered altar of Cheibriados.
  1322 | D:2      | Noticed Terence
  1328 | D:2      | Killed Terence
  1329 | D:2      | Reached skill level 3 in Axes
  1329 | D:2      | Reached XP level 4. HP: 22/29 MP: 4/4
  1863 | D:3      | Found a faded altar of an unknown god.
  2040 | D:3      | Reached XP level 5. HP: 33/33 MP: 5/5
  2242 | D:3      | Found an ancient bone altar of Kikubaaqudgha.
  2478 | D:3      | Found a runed translucent door.
  2479 | D:3      | Noticed Crazy Yiuf
  2487 | D:3      | Killed Crazy Yiuf
  3142 | D:4      | Reached skill level 4 in Axes
  3142 | D:4      | Reached XP level 6. HP: 22/38 MP: 6/6
  3160 | D:4      | Reached skill level 1 in Evocations
  3675 | D:4      | Reached XP level 7. HP: 43/44 MP: 7/7
  3851 | D:5      | Entered Level 5 of the Dungeon
  3860 | D:5      | Reached skill level 5 in Axes
  4033 | D:5      | Found a staircase to the Ecumenical Temple.
  4064 | Temple   | Entered the Ecumenical Temple
  4142 | Temple   | Became a worshipper of Warmaster Okawaru
  4338 | D:5      | Reached skill level 1 in Invocations
  4338 | D:5      | Reached XP level 8. HP: 34/48 MP: 8/8
  4572 | D:5      | HP: 2/48 [gnoll sergeant/+0 spear of freezing (2)]
  4576 | D:5      | Slain by a gnoll sergeant

Illustrated notes

Levels and vault maps discovered:
D:1:      scummos_arrival_star, layout_basic
D:2:      layout_basic, basic_altar, uniq_terence
D:3:      layout_basic, nicolae_overflow_ecumenical_swirl,
          uniq_crazy_yiuf_cottage
D:4:      layout_basic
D:5:      layout_loops_cross, minmay_temple_entry_ruins
Temple:   nicolae_temple_superstar

Skill      XL: |  1  2  3  4  5  6  7 |
---------------+----------------------+-----
Axes           | 2 3 4 5 |  5.9
Armour         | 4 |  4.8
Fighting       | 4 |  4.8
Evocations     | 1 2 |  2.5
Shields        | 4 |  4.2
Invocations    | 1 |  1.1

Action                   |  1- 3 |  4- 6 |  7- 9 || total
-------------------------+-------+-------+-------++-------
Melee: War axe           |    88 |   158 |    90 ||   336
  Use: Scroll            |       |     6 |     3 ||     9
Armor: Scale mail        |    42 |       |       ||    42
       Chain mail        |    15 |   117 |    71 ||   203
Dodge: Dodged            |    67 |    63 |    48 ||   178
Block: Buckler           |    22 |    34 |    22 ||    78

Table legend: (Time is in decaauts)
 A = Elapsed time spent in this place.
 B = Non-inter-level travel time spent in this place.
 C = Inter-level travel time spent in this place.
 D = Time resting spent in this place.
 E = Time spent auto-exploring this place.
 F = Levels seen in this place.
 G = Mean time per level.
                   A        B        C        D        E       F      G
               +--------+--------+--------+--------+--------+-----+--------+
         Total |   4695 |   4461 |    234 |    429 |   3082 |   6 |  782.5 |
       Dungeon |   4599 |   4365 |    234 |    429 |   3021 |   5 |  919.8 |
        Temple |     95 |     95 |      0 |      0 |     61 |   1 |   95.0 |
               +--------+--------+--------+--------+--------+-----+--------+

Top non-repeatable levels by time:
     D:4: 1244 daAuts
     D:3: 1061 daAuts
     D:1: 823 daAuts
     D:2: 817 daAuts
     D:5: 652 daAuts
  Temple: 95 daAuts
